Map: Daybreak LE

Players

MamieNøva - Winner!

  • Race: Zerg Zerg
  • League: Gold

Dook

  • Race: Protoss Protoss
  • League: Platinum

VOD

Have the link to the VOD?

Description

Time

  • Played on: Oct. 11, 2026, 12:02 p.m.
  • Length: 8:27
Show
View Real Time Build Order
Export as new Build Order

MamieNøva Zerg - Winner!

Build Orders: Hatch First 

Get SALT Encoding   

  12  0:00  Drone  
  13  0:11  Drone  
  14  0:18  Overlord  
  14  0:30  Extractor, Drone  
  15  0:37  Drone  
  15  0:38  Drone  
  17  0:53  Hatchery  
  16  0:58  Drone  
  16  0:59  Drone  
  18  1:14  Spawning Pool  
  18  1:18  Drone  
  18  1:22  Overlord  
  18  1:54  Overlord  
  18  1:58  Hatchery  
  18  2:01  Queen  
  19  2:08  Drone x3  
  22  2:19  Queen  
  24  2:43  Queen  
  26  2:45  Drone x5  
  31  2:58  Drone  
  31  2:59  Drone x2  
  31  3:01  Queen  
  36  3:13  Drone x5  
  41  3:21  Queen  
  41  3:27  Queen  
  45  3:40  Drone x5  
  50  3:46  Overlord  
  50  3:50  Overlord  
  50  4:04  Queen x2  
  50  4:08  Queen  
  56  4:14  Drone x9  
  65  4:30  Drone  
  66  4:31  Overlord  
  66  4:32  Overlord x5  
  66  4:36  Overlord x2  
  66  4:39  Spore Crawler  
  66  4:40  Drone  
  66  4:45  Spore Crawler  
  65  4:46  Drone  
  66  4:59  Extractor x2  
  64  5:06  Extractor  
  63  5:07  Extractor  
  63  5:10  Extractor x2  
  63  5:12  Drone x3  
  63  5:13  Drone  
  63  5:14  Drone x2  
  66  5:15  Drone  
  66  5:16  Drone x2  
  66  5:17  Drone x3  
  66  5:18  Overlord x3  
  72  5:26  Spore Crawler, Drone  
  72  5:32  Drone x3  
  75  5:35  Drone  
  76  5:59  Drone x3  
  76  6:00  Drone x3  
  82  6:04  Lair  
  82  6:08  Evolution Chamber x2  
  82  6:11  Roach Warren  
  78  6:39  Spore Crawler  
  77  6:46  Drone  
  78  7:03  Hatchery  
  78  7:07  Glial Reconstitution  
  77  7:09  Roach x14  
  77  7:10  Roach x8  
  77  7:12  Roach  
  77  7:14  Drone  
  122  7:16  Drone x3  
  122  7:21  Drone x3  
  122  7:22  Overlord  
  128  7:30  Ravager  
  128  7:35  Roach x3  
  130  8:06  Hydralisk Den  
  130  8:07  Spire  
Show
View Real Time Build Order
Export as new Build Order

Dook Protoss 

Build Orders: 1 Gate Expand, Phoenix Opening 

Get SALT Encoding   

  12  0:00  Probe  
  13  0:12  Probe  
  14  0:24  Probe  
  14  0:26  Pylon  
  15  0:46  Probe  
  15  0:47  Gateway  
  16  0:55  Assimilator  
  16  0:58  Probe (Chrono Boost)  
  17  1:10  Probe (Chrono Boost)  
  18  1:15  Probe (Chrono Boost)  
  19  1:26  Probe  
  19  1:31  Nexus  
  20  1:38  Probe  
  21  1:44  Cybernetics Core  
  21  1:52  Assimilator  
  21  2:07  Gateway  
  21  2:19  Pylon  
  21  2:27  Adept  
  23  2:37  Probe  
  24  2:49  Probe  
  25  2:53  Gateway  
  25  2:58  Probe  
  26  3:01  Probe  
  26  3:02  Stargate  
  27  3:10  Probe  
  27  3:11  Warp Gate  
  28  3:13  Probe  
  28  3:17  Pylon  
  29  3:23  Probe  
  29  3:25  Probe  
  31  3:31  Adept x2  
  31  3:35  Probe  
  31  3:37  Probe  
  37  3:47  Probe  
  38  3:49  Probe  
  38  3:52  Phoenix  
  41  3:59  Probe  
  41  4:02  Probe  
  43  4:06  Assimilator  
  43  4:11  Probe  
  43  4:14  Probe  
  45  4:17  Phoenix  
  45  4:23  Probe  
  48  4:26  Probe  
  49  4:35  Probe  
  49  4:38  Probe  
  51  4:42  Phoenix (Chrono Boost)  
  53  4:47  Probe  
  53  4:51  Assimilator  
  54  5:11  Pylon  
  54  5:16  Pylon  
  54  5:27  Pylon  
  54  5:29  Phoenix, Probe x2  
  58  5:41  Probe x2  
  60  5:53  Probe x2  
  62  5:57  Zealot x3  
  62  6:03  Phoenix (Chrono Boost)  
  68  6:05  Probe x2  
  72  6:17  Probe  
  73  6:26  Zealot x2  
  73  6:32  Twilight Council  
  77  6:33  Forge  
  77  6:41  Pylon  
  77  6:42  Nexus, Pylon  
  77  6:50  Pylon  
  77  6:52  Pylon  
  77  6:59  Phoenix (Chrono Boost)  
  77  7:01  Gateway x2  
  79  7:02  Gateway  
  79  7:03  Gateway  
  79  7:05  Gateway  
  79  7:06  Pylon  
  79  7:09  Zealot  
  79  7:10  Zealot x2  
  85  7:21  Probe x2, Phoenix (Chrono Boost)  
  89  7:33  Probe x2  
  91  7:45  Probe x2  
  91  7:47  Stalker x2  
  91  7:48  Stalker  
  99  7:57  Probe x2  
  99  7:59  Gateway  
  99  8:01  Gateway  
  99  8:04  Pylon  
  93  8:15  Zealot x3  
Tags
 
Add a new tag
Caveats
  • Supply blocks, unpowered buildings, or Contaminate may cause inaccurate times.
  • Supply counts are checked every 10 seconds.